 Dungeon Crawl Stone Soup version 0.23.2-30-g0e89c35 (webtiles) character file.

Game seed: 2699807980834378160

92 Moja the Conjurer (level 4, 0/31 HPs)
             Began as a Human Conjurer on June 10, 2019.
             Was an Initiate of Ashenzari.
             Slain by an ogre
             ... wielding a +0 giant spiked club
              (16 damage)
             ... on level 3 of the Dungeon on June 11, 2019.
             The game lasted 00:34:05 (3342 turns).

Moja the Conjurer (Human Conjurer)                  Turns: 3342, Time: 00:34:05

Health: 0/31       AC:  3    Str:  8    XL:     4   Next: 90%
Magic:  5/8        EV: 13    Int: 17    God:    Ashenzari [......]
Gold:   220        SH:  0    Dex: 13    Spells: 7/8 levels left

rFire    . . .     SeeInvis .   h - +2 short sword (protect)
rCold    . . .     Gourm    .   (no shield)
rNeg     . . .     Faith    .   a - +0 robe
rPois    .         Spirit   .   (no helmet)
rElec    .         Reflect  .   (no cloak)
rCorr    .         Harm     .   t - +0 pair of gloves
MR       .....                  (no boots)
Stlth    ++........             (no amulet)
HPRegen  0.10/turn              (no ring)
MPRegen  0.11/turn              (no ring)

@: no status effects
A: no striking features
a: Curse Item, Renounce Religion


You were on level 3 of the Dungeon.
You worshipped Ashenzari.
Ashenzari was noncommittal.
You were not hungry.

You visited 1 branch of the dungeon, and saw 4 of its levels.

You collected 220 gold pieces.

Inventory:

Hand Weapons
 b - a +0 dagger
 g - a +0 falchion
 h - a +2 short sword of protection (weapon)
 j - a +0 spear
Missiles
 r - a javelin (quivered)
Armour
 a - a +0 robe (worn)
 t - a +0 pair of gloves (worn)
Jewellery
 f - an uncursed ring of stealth
Scrolls
 k - a scroll of enchant armour {unknown}
 l - 2 scrolls of blinking {unknown}
 m - 2 scrolls of remove curse
 n - 2 scrolls of fear {unknown}
 o - 5 scrolls of identify
 q - a scroll of magic mapping {unknown}
Potions
 d - a potion of might {unknown}
 e - a potion of curing
 i - 2 potions of berserk rage
 p - a potion of heal wounds {unknown}
 s - a potion of brilliance {unknown}
Comestibles
 c - 5 rations


   Skills:
 + Level 0.3 Fighting
 + Level 0.3 Short Blades
 + Level 2.7 Dodging
 + Level 2.6 Stealth
 + Level 2.7 Spellcasting
 + Level 4.6 Conjurations


You had 7 spell levels left.
You knew the following spells:

 Your Spells              Type           Power        Failure   Level  Hunger
a - Magic Dart            Conj           ###.         2%          1    #......

Your spell library contained the following spells:

 Spells                   Type           Power        Failure   Level  Hunger
 Searing Ray              Conj           ###...       4%          2    ##.....
 Dazzling Spray           Conj/Hex       ##....       21%         3    ###....
 Iskenderun's Mystic Bla  Conj           ###.....     26%         4    #####..
 Force Lance              Conj/Tloc      ##......     56%         4    #####..
 Fulminant Prism          Conj/Hex       ##........   56%         4    #####..


Dungeon Overview and Level Annotations

Branches:
Dungeon (4/15)
 Temple: D:4-7

Altars:
Ashenzari


Message History

Aiming: Magic Dart (safe; 2% risk of failure)
Press: ? - help, Shift-Dir - straight line, f - orc
Aim: an orc, wielding a +0 club and wearing a +0 ring mail The magic dart hits the orc but does no damage.
The orc barely misses you.
Casting: Magic Dart (safe; 2% risk of failure)
Confirm with . or Enter, or press ? or * to list all spells.
Aiming: Magic Dart (safe; 2% risk of failure)
Press: ? - help, Shift-Dir - straight line, f/p - orc
Aim: an orc, wielding a +0 club and wearing a +0 ring mail The magic dart hits the orc but does no damage.
The ogre hits you with a +0 giant spiked club!
* * * LOW HITPOINT WARNING * * *
The orc misses you.
Okay, then.
Okay, then.
You feel better.
The ogre hits you with a +0 giant spiked club!
Ouch! That really hurt!
You die...

#.......##.#
#....^..##.#
####....##.#
#....##.# ##
#.....#.# .#
#.....#.# .#
#.......# .#
#....#oO# .#######
#####.)@# .......#
#.###
######.#######.###
######.#.........#
#......#.###....<#
#......#.# #.....#
#........# #.....#
########## #.....#
#######


You could see an ogre and an orc.

Vanquished Creatures
  A gnoll (D:1)
  An adder (D:2)
  A river rat (D:4)
  3 worms
  A leopard gecko (D:3)
  2 orcs (D:3)
  3 ball pythons
  2 giant cockroaches
  4 goblins (D:1)
  9 hobgoblins
  4 jackals (D:1)
  2 quokkas (D:3)
  4 bats
  A frilled lizard (D:1)
  6 kobolds
  7 rats
51 creatures vanquished.

Notes
Turn   | Place    | Note
-------+----------+-------------------------------------------
     0 | D:1      | Moja the Human Conjurer began the quest for the Orb.
     0 | D:1      | Reached XP level 1. HP: 13/13 MP: 3/3
   221 | D:1      | Reached XP level 2. HP: 9/19 MP: 3/5
   814 | D:2      | Reached XP level 3. HP: 24/24 MP: 2/6
  1471 | D:3      | Reached XP level 4. HP: 30/30 MP: 4/7
  1711 | D:2      | Found a shattered altar of Ashenzari.
  1715 | D:2      | Saw a vision of the Shoals and the Snake Pit.
  1715 | D:2      | Noticed a merfolk siren
  1715 | D:2      | Noticed a sea snake
  1715 | D:2      | Noticed a sea snake
  1715 | D:2      | Noticed a black mamba
  1715 | D:2      | Noticed a naga warrior
  1715 | D:2      | Noticed a naga
  1715 | D:2      | Noticed a black mamba
  1715 | D:2      | Noticed a sea snake
  2176 | D:2      | Became a worshipper of Ashenzari the Shackled
  2378 | D:4      | Found a glowing drain.
  3148 | D:4      | Noticed an ogre
  3156 | D:4      | Noticed an ogre
  3342 | D:3      | Slain by an ogre

Action                   |  1- 3 |  4- 6 || total
-------------------------+-------+-------++-------
Melee: Dagger            |    64 |    16 ||    80
       Short sword       |       |    73 ||    73
Throw: Javelin           |       |     4 ||     4
 Cast: Magic Dart        |    39 |    27 ||    66
  Use: Scroll            |       |     2 ||     2
       Potion            |       |     1 ||     1
 Stab: Sleeping          |     1 |       ||     1
  Eat: Ration            |     1 |     2 ||     3
Armor: Robe              |    14 |    19 ||    33
Dodge: Dodged            |    57 |    82 ||   139
